 Dungeon Crawl Stone Soup version 0.30-a0-240-g3111722afa (webtiles) character file.

Game seed: 17325207939377762530

21 qw the Shield-Bearer (level 2, -1/19 HPs)
             Began as a Gargoyle Fighter on Oct 10, 2022.
             Killed from afar by a dart slug (4 damage)
             ... with a slug dart
             ... on level 1 of the Dungeon.
             The game lasted 00:00:15 (303 turns).

qw the Shield-Bearer (Gargoyle Fighter)              Turns: 303, Time: 00:00:15

Health: -1/19      AC:  9    Str: 19    XL:     2   Next: 83%
Magic:  2/2        EV:  9    Int:  8    God:
Gold:   49         SH:  4    Dex:  9    Spells: 1/1 levels left

rFire   . . .      SeeInvis .    a - +0 war axe
rCold   . . .      Faith    .    c - +0 buckler
rNeg    + . .      Spirit   .    b - +0 scale mail
rPois   inf        Reflect  .    (no helmet)
rElec   +          Harm     .    (no cloak)
rCorr   .          Rampage  .    (no gloves)
Will    .....                    (no boots)
Stlth   ..........               (no amulet)
HPRegen 0.23/turn                (no ring)
MPRegen 0.08/turn                (no ring)

@: no status effects
A: sickness immunity, AC +2, negative energy resistance 1, electricity
resistance, torment resistance 1, petrification resistance
a: no special abilities


You were on level 1 of the Dungeon.
You visited 1 branch of the dungeon, and saw 1 of its levels.

You collected 49 gold pieces.


Innate Abilities, Weirdness & Mutations

You are immune to sickness and miasma.
Your stone body is resilient. (AC +2)
You are immune to poison.
You resist negative energy. (rN+)
You are resistant to electric shocks. (rElec)
You are resistant to unholy torment.
You are immune to petrification.


   Skills:
 - Level 3.2 Fighting
 + Level 3.0 Axes
 - Level 3.2 Armour
 - Level 3.2 Shields


You had one spell level left.
You didn't know any spells.
Your spell library was empty.

Inventory:

Hand Weapons
 a - a +0 war axe (weapon)
 g - a +0 club
Armour
 b - a +0 scale mail (worn)
 c - a +0 buckler (worn)
 f - a +0 pair of gloves
Scrolls
 e - a scroll of torment {unknown}
 h - a scroll of immolation {unknown}
Potions
 d - a potion of might
 i - a potion of berserk rage {unknown}

Dungeon Overview and Level Annotations

Branches:
Dungeon (1/15)

Altars:

Shops:
D:1 [


Message History

The hobgoblin hits you but does no damage.
You hit the hobgoblin.
The hobgoblin is almost dead.
The hobgoblin barely misses you.
You hit the hobgoblin but do no damage.
The hobgoblin is almost dead.
The hobgoblin hits you.
The hobgoblin hits you but does no damage.
You barely miss the hobgoblin.
The hobgoblin is almost dead.
The hobgoblin hits you.
You closely miss the hobgoblin.
The hobgoblin is almost dead.
The hobgoblin hits you but does no damage.
You barely miss the hobgoblin.
The hobgoblin is almost dead.
You block the hobgoblin's attack. The hobgoblin hits you.
The kobold shouts!
You hit the hobgoblin.
You kill the hobgoblin!
A dart slug comes into view.
The kobold throws a stone.
The stone hits you but does no damage.
You see here a hobgoblin corpse.
Found a stone staircase leading down.
Found a dagger.
The kobold barely misses you. The dart slug launches a dart at you.
The slug dart misses you.
You closely miss the kobold. The kobold hits you with a +0 dagger.
You hit the kobold.
You kill the kobold!
The dart slug launches a dart at you. The slug dart hits you.
Your Axes skill increases to level 3!
You hit the dart slug.
The dart slug is heavily wounded.
The dart slug launches a dart at you. The slug dart hits you.
You die...

#...... .)#
##.........#
........... ###
..>.......# ..#
.......#.#####.#
............##.#
#....###..#.##
#..)..%...%..##
#..@..%..##...+
......w...>..##.###
####.........##.#
#.###.....##.## #.
#.....+...# #
#.....#...#
##+####...#######
##...............
#...#############


You could see a dart slug.

Vanquished Creatures
  3 ball pythons (D:1)
  2 endoplasms (D:1)
  2 giant cockroaches (D:1)
  3 goblins (D:1)
  3 hobgoblins (D:1)
  2 frilled lizards (D:1)
  2 kobolds (D:1)
  2 rats (D:1)
19 creatures vanquished.

Notes
Turn   | Place    | Note
-------+----------+-------------------------------------------
     0 | D:1      | qw the Gargoyle Fighter began the quest for the Orb.
     0 | D:1      | Reached XP level 1. HP: 14/14 MP: 1/1
     0 | D:1      | 0 ||| qw: Version: 0.2-a-17-g06abaee
     0 | D:1      | 0 ||| qw: Game counter: 2358
     0 | D:1      | 0 ||| qw: Always use a shield: true
     0 | D:1      | 0 ||| qw: God list: Okawaru
     0 | D:1      | 0 ||| qw: Allow faded altars: false
     0 | D:1      | 0 ||| qw: Do Orc after D:15 true
     0 | D:1      | 0 ||| qw: Do second Lair branch before Depths: true
     0 | D:1      | 0 ||| qw: Lair rune preference: random
     0 | D:1      | 0 ||| qw: Plans: Normal, Zot:1-4, God:TSO, Crypt, Tomb,
                  | Pan, Slime:5, Hells, Abyss, Orb
     0 | D:1      | 0 ||| PLANNING D:1-11
   128 | D:1      | Reached XP level 2. HP: 17/19 MP: 2/2
   149 | D:1      | Found Qopiesib's Antique Armour Shoppe.
   170 | D:1      | 170 ||| SHOPLISTING dyed leather armour (145 gold, have
                  | 14).
   170 | D:1      | 170 ||| SHOPLISTING glowing chain mail (217 gold, have 14).
   170 | D:1      | 170 ||| SHOPLISTING glowing pearl dragon scales (2960 gold,
                  | have 14).
   170 | D:1      | 170 ||| SHOPLISTING plate armour (667 gold, have 14).
   286 | D:1      | 286 ||| Stepping ~*~*~tactically~*~*~ (stealth).
   301 | D:1      | HP: 3/19 [dart slug/slug dart (5)]
   302 | D:1      | Reached skill level 3 in Axes
   303 | D:1      | Killed from afar by a dart slug

Levels and vault maps discovered:
D:1:      dpeg_arrival_long_road, layout_basic, serial_shops,
          nicolae_shop_crystal, minmay_octomino_c4

Skill      XL: |  1  2 |
---------------+-------+-----
Axes           | 2 3 |  3.0
Fighting       | |  3.2
Armour         | |  3.2
Shields        | |  3.2

Action                   || total
-------------------------++-------
Melee: War axe           ||    50
Armor: Scale mail        ||    20
Dodge: Dodged            ||    17
Block: Buckler           ||     8

Table legend:
 A = Non-vault XP
 B = Vault XP
 C = Vault XP percentage of total XP
 D = Non-vault monster count
 E = Vault monster count
 F = Vault count percentage of total count
                 A         B        C        D         E       F
            +---------+---------+-------+---------+---------+-------
      Total |      30 |       0 |   0.0 |      19 |       0 |   0.0
            +---------+---------+-------+---------+---------+-------
        D:1 |      30 |       0 |   0.0 |      19 |       0 |   0.0
            +---------+---------+-------+---------+---------+-------
